 Dungeon Crawl Stone Soup version 0.30-a0-571-gdf30a72648 (webtiles) character file.

Game seed: 17109684222295796289

133 ryw the Grave Robber (level 5, 0/42 HPs)
             Began as a Hill Orc Necromancer on Dec 30, 2022.
             Slain by Duvessa
             ... wielding a +1 short sword of freezing
              (11 damage)
             ... on level 3 of the Dungeon.
             The game lasted 00:07:31 (3835 turns).

ryw the Grave Robber (Hill Orc Necromancer)         Turns: 3835, Time: 00:07:32

Health: 0/42       AC:  5    Str: 11    XL:     5   Next: 16%
Magic:  8/8        EV: 10    Int: 17    God:
Gold:   161        SH:  0    Dex: 11    Spells: 4/8 levels left

rFire   . . .      SeeInvis .    l - +0 war axe
rCold   + . .      Faith    .    (no shield)
rNeg    . . .      Spirit   .    h - +0 ring mail
rPois   .          Reflect  .    (no helmet)
rElec   .          Harm     .    (no cloak)
rCorr   .          Rampage  .    (no gloves)
Will    .....                    (no boots)
Stlth   +                        (no amulet)
HPRegen 0.27/turn                f - ring of protection from cold
MPRegen 0.11/turn                (no ring)

@: mighty
A: no striking features
a: no special abilities


You were on level 3 of the Dungeon.
You visited 1 branch of the dungeon, and saw 4 of its levels.

You collected 161 gold pieces.

Inventory:

Hand Weapons
 d - a +0 spear
 l - a +0 war axe (weapon)
Missiles
 c - 6 javelins (quivered)
Armour
 a - a +0 robe
 h - a +0 ring mail (worn)
 k - a +0 chain mail
Jewellery
 f - a ring of protection from cold (left hand)
Potions
 b - a potion of magic
 g - 2 potions of curing
 i - 2 potions of haste
 j - a potion of invisibility


   Skills:
 + Level 2.5 Fighting
 * Level 2.5 Axes
 + Level 2.2 Armour
 - Level 1.5 Dodging
 - Level 1.5 Stealth
 + Level 2.0 Spellcasting
 + Level 4.5 Necromancy


You had 4 spell levels left.
You knew the following spells:

 Your Spells              Type           Power      Damage    Failure   Level
a - Necrotise             Necr           68%        1d7       7%          1
b - Vampiric Draining     Necr           17%        2d7       22%         3

Your spell library contained the following spells:

 Spells                   Type           Power      Damage    Failure   Level
 Animate Dead             Necr           17%        N/A       56%         4
 Agony                    Necr           17%        N/A       89%         5


Dungeon Overview and Level Annotations

Branches:
Dungeon (4/15)
 Temple: D:4-7

Altars:

Shops:
D:3 =

Annotations:
D:3 Dowan, Duvessa, Grinder
D:4 Natasha


Message History

You are poisoned.
Duvessa barely misses you.
You climb upwards.
Level annotation: Grinder You feel very sick.
There is a stone staircase leading down here.
You aren't carrying any scrolls.
Unknown command.
You feel very mighty all of a sudden.
You feel sick. Duvessa hits you but does no damage.
Dowan mumbles some strange words.
Dowan blinks!
You slash Duvessa!
Duvessa is moderately wounded.
You feel sick.
Duvessa hits you with a +1 short sword of freezing!
Duvessa freezes you.
You slash Duvessa!
Duvessa is severely wounded.
You feel sick.
Duvessa hits you with a +1 short sword of freezing.
Duvessa closely misses you.
Dowan zaps a wand.
The puff of flame hits you!
You barely miss Duvessa.
Duvessa is severely wounded.
You feel sick. Duvessa barely misses you.
You hit Duvessa.
Duvessa is severely wounded.
You feel sick.
You are no longer poisoned.
Duvessa hits you with a +1 short sword of freezing.
* * * LOW HITPOINT WARNING * * *
Dowan zaps a wand.
The puff of flame misses you.
The puff of flame hits Duvessa.
You hit Duvessa.
Duvessa is almost dead.
Duvessa closely misses you.
Dowan mumbles some strange words.
Dowan blinks!
Duvessa hits you with a +1 short sword of freezing!
You die...

####### ##### ###.....##
#...#####........#
#.#..............#
#...#####ยง#......#### #
##.....##.#.........###### .#
#.###.##@###............. .#
#.###.##e# ###.....###### .#
#..##.##.#####..#### # .##
#..##.##........# # ..#
#..##.########'## ## #.# #..##.#
##...## #. #.# #.....# ##.....##
#. #.# ##(#.## ##.......## ##.
..########....####.........####..


You could see Duvessa.

Vanquished Creatures
  2 iguanas (D:3)
  An adder (D:2)
  3 worms
  2 dart slugs
  An orc (D:3)
  9 bats
  4 endoplasms
  A giant cockroach (D:2)
  4 goblins
  9 hobgoblins
  4 quokkas
  8 ball pythons
  A frilled lizard (D:1)
  4 kobolds
  3 rats
56 creatures vanquished.

Vanquished Creatures (collateral kills)
  An endoplasm (D:3)
1 creature vanquished.

Grand Total: 57 creatures vanquished

Notes
Turn   | Place    | Note
-------+----------+-------------------------------------------
     0 | D:1      | ryw the Hill Orc Necromancer began the quest for the Orb.
     0 | D:1      | Reached XP level 1. HP: 14/14 MP: 3/3
   272 | D:1      | Reached skill level 1 in Fighting
   386 | D:1      | Reached skill level 1 in Armour
   386 | D:1      | Reached XP level 2. HP: 21/23 MP: 1/4
  1217 | D:2      | Reached XP level 3. HP: 21/28 MP: 0/5
  1781 | D:2      | Reached skill level 1 in Axes
  2072 | D:3      | Reached XP level 4. HP: 36/36 MP: 1/6
  2628 | D:3      | Noticed Grinder
  2632 | D:3      | Paralysed by Grinder for 2 turns
  2859 | D:3      | Found Nupuptolu's Jewellery Shoppe.
  3173 | D:4      | Noticed a phantom
  3182 | D:3      | Reached XP level 5. HP: 13/42 MP: 3/8
  3293 | D:3      | Learned a level 3 spell: Vampiric Draining
  3294 | D:4      | Noticed an ogre
  3302 | D:4      | Noticed Natasha
  3455 | D:4      | Noticed Duvessa
  3455 | D:4      | Noticed Dowan
  3835 | D:3      | Slain by Duvessa

Illustrated notes

Levels and vault maps discovered:
D:1:      sevenhm_arrival_forest_fort_large_2, layout_loops_ring
D:2:      layout_basic, minmay_between
D:3:      layout_loops_corners, serial_shops, shop, uniq_grinder
D:4:      layout_basic, lemuel_doored_altar,
          grunt_temple_overflow_order_and_chaos_1, kennysheep_decorative_pillar,
          uniq_natasha, uniq_pikel, uniq_duvessa

Skill      XL: |  1  2  3  4 |
---------------+-------------+-----
Fighting       | 1 2 |  2.5
Armour         | 1 2 |  2.2
Axes           | 1 2 |  2.5
Spellcasting   | 2 |  2.0
Dodging        | |  1.5
Stealth        | |  1.5
Necromancy     | |  4.5

Action                   |  1- 3 |  4- 6 || total
-------------------------+-------+-------++-------
Melee: Spear             |    18 |       ||    18
       War axe           |    34 |    31 ||    65
Throw: Javelin           |     9 |       ||     9
 Cast: Necrotise         |    56 |    32 ||    88
  Use: Scroll            |     2 |     6 ||     8
       Potion            |       |     3 ||     3
Armor: Robe              |     1 |       ||     1
       Ring mail         |    24 |    25 ||    49
Dodge: Dodged            |    49 |    49 ||    98

Table legend: (Time is in decaauts)
 A = Elapsed time spent in this place.
 B = Non-inter-level travel time spent in this place.
 C = Inter-level travel time spent in this place.
 D = Time resting spent in this place.
 E = Time spent auto-exploring this place.
 F = Levels seen in this place.
 G = Mean time per level.
                   A        B        C        D        E       F      G
               +--------+--------+--------+--------+--------+-----+--------+
         Total |   3872 |   3730 |    142 |    735 |   2362 |   4 |  968.0 |
       Dungeon |   3872 |   3730 |    142 |    735 |   2362 |   4 |  968.0 |
               +--------+--------+--------+--------+--------+-----+--------+

Top non-repeatable levels by time:
     D:3: 1746 daAuts
     D:1: 1027 daAuts
     D:2: 1003 daAuts
     D:4: 94 daAuts
